 Dungeon Crawl Stone Soup version 0.19-a0-32-gbfd796a (webtiles) character file.

4 M4edhros the Grave Robber (level 1, -4/11 HPs)
             Began as an Octopode Necromancer on May 2, 2016.
             Slain by an orc
             ... wielding a +0 flail
              (8 damage)
             ... on level 3 of the Dungeon.
             The game lasted 00:00:47 (128 turns).

M4edhros the Grave Robber (Octopode Necromancer)     Turns: 128, Time: 00:00:48

Health: -4/11      AC:  1    Str:  7    XL:     1   Next: 70%
Magic:  3/3        EV: 12    Int: 17    God:
Gold:   9          SH:  0    Dex: 12    Spells: 2 memorised, 2 levels left

rFire  . . .     SeeInvis .       - Unarmed
rCold  . . .     Gourm    .     (no shield)
rNeg   . . .     Faith    .     (helmet restricted)
rPois  .         Spirit   .     (no amulet)
rElec  .         Dismiss  .     (no ring)
rCorr  .         Reflect  .     (no ring)
SustAt .         Harm     .     (no ring)
MR     .....                    (no ring)
Stlth  +++.......               (no ring)
                                (no ring)
                                (no ring)
                                (no ring)

@: about to teleport, not resistant to hostile enchantments, fairly stealthy
A: almost no armour, amphibious, 8 rings, constrict 8, camouflage 1, gelatinous
body 1
a: no special abilities


You were on level 3 of the Dungeon.
You were not hungry.

You visited 1 branch of the dungeon, and saw 3 of its levels.

You collected 9 gold pieces.

Inventory:

Scrolls
 g - a scroll of immolation {unknown}
Books
 a - a book of Necromancy

   Spells                             Type                      Level
   a - Pain                           Necromancy                   1
   b - Animate Skeleton               Necromancy                   1
   c - Vampiric Draining              Necromancy                   3
   d - Regeneration                   Charms/Necromancy            3
   e - Animate Dead                   Necromancy                   4
   f - Control Undead                 Necromancy                   4
Comestibles
 b - a bread ration
 c - 2 chunks of flesh


   Skills:
 - Level 2.0 Dodging
 - Level 2.6 Stealth
 + Level 1.2 Unarmed Combat
 - Level 2.0 Spellcasting
 - Level 4.0 Necromancy


You had 2 spell levels left.
You knew the following spells:

 Your Spells              Type           Power        Failure   Level  Hunger
a - Pain                  Necr           ###.         3%          1    #......
b - Animate Skeleton      Necr           N/A          3%          1    #......


Dungeon Overview and Level Annotations

Branches:
Dungeon (3/15)

Altars:
Qazlal


Innate Abilities, Weirdness & Mutations

You cannot wear most types of armour.
You are amphibious.
You can wear up to eight rings at the same time.
You can use your tentacles to constrict eight enemies at once.
Your skin changes colour to match your surroundings (Stealth).
Your rubbery body absorbs attacks (AC +1).


Message History

A rat comes into view.
The teleport trap disappears.
The orc disappears!
Drink which item? (? for menu, Esc to quit)
It was a potion of heal wounds.
You feel much better. The orc misses you.
You closely miss the orc.
The orc shouts!
Your grab misses the orc. The orc hits you with a flail!
Ouch! That really hurt!
You aren't carrying any potions.
Read which item? (? for menu, Esc to quit)
As you read the scroll labeled QITINTIMUTSA, it crumbles to dust.
It is a scroll of enchant weapon.
You aren't carrying any weapons that can be enchanted.
The orc misses you. x2
Read which item? (? for menu, Esc to quit)
As you read the scroll labeled SUOG DEPTOENNU, it crumbles to dust.
You feel strangely unstable.
It was a scroll of teleportation.
The orc hits you with a flail!
Ouch! That really hurt!
You die...

.(. ... #### #.## ##
#.. ... .. #.# #.#
.>##.#####.#
...........##########
..######....oroo@o..#
.. #.##########.# ##
#.# #.# #.# #.# #.#
#<# #.# #.# #.# #.#
#.# #.# #..


You could see 4 orcs and a rat.

Vanquished Creatures
  A bat (D:2)
  A hobgoblin (D:2)
  A kobold (D:2)
  A giant newt (D:2)
4 creatures vanquished.

Notes
Turn   | Place    | Note
--------------------------------------------------------------
     0 | D:1      | M4edhros the Octopode Necromancer began the quest for the Orb.
     0 | D:1      | Reached XP level 1. HP: 11/11 MP: 3/3
    11 | D:2      | Learned a level 1 spell: Animate Skeleton
    48 | D:2      | Reached skill level 1 in Unarmed Combat
    66 | D:2      | Found a stormy altar of Qazlal.
   128 | D:3      | Slain by an orc

Vault maps used:
D:1:      shiori_arrival_maze, minmay_cut_off
D:2:      nicolae_qazlal_general_emergency, uniq_jessica
D:3:      first_bread, kennysheep_generic_room_11

Skill      XL: |  1 |
---------------+----+-----
Unarmed Combat | 1 |  1.2
Dodging        | |  2.0
Stealth        | |  2.6
Spellcasting   | |  2.0
Necromancy     | |  4.0

Action                   || total
-------------------------++-------
Melee: Unarmed           ||     8
       Constrict         ||     3
       Tentacles         ||     1
 Cast: Animate Skeleton  ||     4
       Pain              ||     2
  Use: Scroll            ||     2
       Potion            ||     1
Armor: Skin              ||     2
Dodge: Dodged            ||     8
